 Dungeon Crawl Stone Soup version 0.23.2-33-g5129a83184 (webtiles) character file.

Game seed: 9221824275908961395

1666 Felnil the Fighter (level 8, 0/71 HPs)
             Began as a Mummy Fighter on Aug 9, 2019.
             Was a Believer of Okawaru.
             Slain by a centaur
             ... wielding a +0 flail
              (8 damage)
             ... on level 7 of the Dungeon.
             The game lasted 00:21:06 (7353 turns).

Felnil the Fighter (Mummy Fighter)                  Turns: 7353, Time: 00:21:07

Health: 0/71       AC:  9    Str: 21    XL:     8   Next: 69%
Magic:  8/8        EV:  8    Int:  7    God:    Okawaru [**....]
Gold:   61         SH:  9    Dex: 12    Spells: 7/7 levels left

rFire    + . .     SeeInvis .   b - +2 dagger (venom)
rCold    + + .     Gourm    .   c - +0 shield
rNeg     + + +     Faith    .   k - +3 ring mail
rPois    ∞         Spirit   .   (no helmet)
rElec    .         Reflect  .   e - scarf {rC+ rF+}
rCorr    .         Harm     +   (no gloves)
MR       +....                  (no boots)
Stlth    +.........             l - amulet of harm
HPRegen  0.21/turn              h - ring of protection from fire
MPRegen  0.11/turn              (no ring)

@: no status effects
A: no food or potions, fire vulnerability, cold resistance 1, negative energy
resistance 3, torment resistance, unbreathing
a: Heroism, Renounce Religion


You were on level 7 of the Dungeon.
You worshipped Okawaru.
Okawaru was pleased with you.
You were not hungry.

You visited 1 branch of the dungeon, and saw 8 of its levels.

You collected 269 gold pieces.
You spent 208 gold pieces at shops.

Inventory:

Hand Weapons
 a - a +0 rapier
 b - a +2 dagger of venom (weapon)
Armour
 c - a +0 shield (worn)
 e - a scarf of resistance (worn)
 f - a scarf of cloud immunity
 k - a +3 ring mail (worn)
Jewellery
 h - a ring of protection from fire (left hand)
 l - an amulet of harm (around neck)
Wands
 o - a wand of polymorph (4)
Scrolls
 g - 6 scrolls of identify
 j - a scroll of amnesia


   Skills:
 + Level 9.2 Fighting
 - Level 1.5 Short Blades
 + Level 6.3 Armour
 - Level 2.4 Shields


You had 7 spell levels left.
You didn't know any spells.
Your spell library was empty.

Dungeon Overview and Level Annotations

Branches:
Dungeon (8/15)             Temple (0/1) D:5
   Lair: D:8-11

Altars:
Makhleb
Okawaru
Zin

Shops:
D:7 =[


Innate Abilities, Weirdness & Mutations

You do not eat or drink.
Your flesh is vulnerable to fire.
You are immune to poison.
Your flesh is cold resistant. (rC+)
You are immune to negative energy. (rN+++)
You are immune to unholy pain and torment.
You can survive without breathing.


Message History

The shaft crumbles and collapses.
Found 4 gold pieces and 5 tomahawks.
Found an escape hatch in the ceiling.
Found a stone staircase leading down.
An adder comes into view.
You see here 4 gold pieces.
A kobold comes into view. It is wielding a +0 dagger.
The kobold shouts!
You hear a shout!
There is an escape hatch in the ceiling here.
A mysterious force pulls you upwards. The hatch slams shut behind you.
A centaur comes into view. It is wielding a +0 flail.
You start resting.
The centaur is too close now for your liking.
The centaur shouts!
You hear a shout!
You block the centaur's attack.
You hit the centaur but do no damage.
The centaur is poisoned.
You block the centaur's attack.
You hit the centaur.
The centaur looks as sick as possible!
The centaur is lightly wounded.
The centaur hits you with a +0 flail!
You die...

#...# #.(.# ####
#...###### ...#
#......(.#
...#####...####.#
#...............
#.....∩........###
#................#
#@#####...####.<.#
c.#####c#
#...........
#.......#
#...#####.##
###.##### #...#
#<.. #...# ####
##.## #.# #.. ..


You could see a centaur.

Vanquished Creatures
  3 sky beasts
  2 ice beasts
  A phantom (D:5)
  A centaur (D:6)
  A scorpion (D:5)
  A wight (D:6)
  An electric eel (D:7)
  3 howler monkeys
  A quasit (D:5)
  2 jellies
  3 hounds
  An orc wizard (D:8)
  A bullfrog skeleton (D:5)
  An orc priest (D:3)
  An iguana (D:5)
  5 worker ants
  A hound skeleton (D:7)
  A howler monkey skeleton (D:4)
  11 gnolls
  12 adders
  A shadow imp (D:8)
  An ooze (D:2)
  An adder skeleton (D:5)
  A worm (D:5)
  4 dart slugs
  A leopard gecko (D:1)
  10 orcs
  5 giant cockroaches
  10 goblins
  15 hobgoblins
  2 jackals (D:1)
  2 quokkas
  7 ball pythons
  8 bats
  6 frilled lizards
  3 jackal skeletons
  12 kobolds
  2 leopard gecko skeletons (D:4)
  9 rats
153 creatures vanquished.

Notes
Turn   | Place    | Note
-------+----------+-------------------------------------------
     0 | D:1      | Felnil the Mummy Fighter began the quest for the Orb.
     0 | D:1      | Reached XP level 1. HP: 18/18 MP: 1/1
   126 | D:1      | Reached XP level 2. HP: 10/24 MP: 2/2
   456 | D:1      | Reached skill level 4 in Fighting
   518 | D:1      | Reached XP level 3. HP: 29/30 MP: 3/3
  1205 | D:2      | Reached XP level 4. HP: 33/38 MP: 4/4
  1233 | D:2      | Reached skill level 5 in Fighting
  1384 | D:2      | Found a burning altar of Makhleb.
  1384 | D:2      | Found a glowing silver altar of Zin.
  1385 | D:2      | Noticed an angel
  1385 | D:2      | Noticed a green death
  2061 | D:3      | Reached XP level 5. HP: 38/46 MP: 5/5
  2327 | D:3      | Found an iron altar of Okawaru.
  2332 | D:3      | Reached skill level 6 in Fighting
  2423 | D:3      | Became a worshipper of Warmaster Okawaru
  2862 | D:3      | HP: 1/46 [gnoll/+0 flail (3)]
  3204 | D:4      | Reached XP level 6. HP: 53/53 MP: 6/6
  4494 | D:5      | Entered Level 5 of the Dungeon
  4563 | D:5      | Reached * piety under Okawaru
  4563 | D:5      | Reached skill level 7 in Fighting
  4595 | D:5      | Reached XP level 7. HP: 55/60 MP: 7/7
  4945 | D:5      | Found a staircase to the Ecumenical Temple.
  5090 | D:5      | Reached skill level 8 in Fighting
  5090 | D:5      | Reached skill level 5 in Armour
  5357 | D:6      | Reached ** piety under Okawaru
  5357 | D:6      | Reached XP level 8. HP: 57/68 MP: 8/8
  5416 | D:6      | HP: 3/68 [acid (2)]
  6415 | D:6      | You fall through a shaft for 2 floors!
  6773 | D:7      | Reached skill level 9 in Fighting
  6789 | D:7      | Found Fetem's Antique Armour Shoppe.
  6859 | D:7      | Bought an embroidered scarf for 208 gold pieces
  6891 | D:7      | Found Ruce's Jewellery Boutique.
  7327 | D:5      | HP: 3/71 [wight/+0 scimitar (7)]
  7338 | D:5      | You fall through a shaft for 3 floors!
  7353 | D:7      | Slain by a centaur

Skill      XL: |  1  2  3  4  5  6  7  8 |
---------------+-------------------------+-----
Fighting       | 4 5 6 7 8 9 |  9.2
Armour         | 3 4 5 6 |  6.3
Short Blades   | |  1.5
Shields        | |  2.4

Action                   |  1- 3 |  4- 6 |  7- 9 || total
-------------------------+-------+-------+-------++-------
Melee: Rapier            |   164 |    63 |       ||   227
       Dagger            |       |   171 |   304 ||   475
Invok: Heroism           |       |       |     1 ||     1
Evoke: Wand              |       |       |     1 ||     1
  Use: Scroll            |       |     6 |     7 ||    13
Armor: Scale mail        |    49 |    12 |       ||    61
       Ring mail         |       |    84 |   107 ||   191
Dodge: Dodged            |    42 |    88 |    82 ||   212
Block: Shield            |    58 |   118 |   116 ||   292
